Map: 2000 Atmospheres LE

Players

ClsClassiC

  • Race: Terran Terran
  • League: Master
  • Spawn Location: 3:00

Pumba - Winner!

  • Race: Zerg Zerg
  • League: Master
  • Spawn Location: 7:00

VOD

Have the link to the VOD?

Description

Time

  • Played on: Sept. 21, 2021, 7:39 p.m.
  • Length: 13:20
Show
View Real Time Build Order
Export as new Build Order

ClsClassiC Terran 

Build Orders: 2 Factory, Reaper Expand, Mech 

Get SALT Encoding   

  12  0:02  SCV  
  13  0:14  SCV  
  13  0:18  Supply Depot  
  14  0:26  SCV  
  15  0:40  SCV  
  15  0:41  Barracks  
  16  0:47  Refinery  
  16  0:52  SCV  
  17  1:04  SCV  
  18  1:16  SCV  
  19  1:30  Reaper, Orbital Command  
  20  1:39  Command Center  
  20  1:55  SCV  
  20  1:56  Supply Depot  
  21  2:02  Marine  
  21  2:08  SCV  
  23  2:11  Factory  
  23  2:20  SCV  
  23  2:22  Marine  
  25  2:32  SCV  
  26  2:41  Barracks Reactor  
  27  2:44  SCV  
  27  2:53  Orbital Command  
  27  2:56  SCV  
  28  3:07  Factory Reactor  
  28  3:08  SCV  
  29  3:15  Refinery  
  29  3:16  Command Center  
  29  3:20  SCV  
  29  3:21  SCV  
  29  3:25  Factory  
  31  3:32  SCV  
  31  3:33  SCV  
  33  3:44  SCV  
  33  3:45  SCV  
  33  3:47  Hellion x2  
  38  3:56  SCV  
  38  3:57  SCV  
  38  3:59  Factory  
  40  4:07  Barracks Tech Lab  
  40  4:08  Hellion  
  40  4:09  SCV x2, Hellion  
  46  4:15  Supply Depot  
  46  4:18  Refinery  
  46  4:20  Armory  
  46  4:26  SCV x2  
  46  4:27  Hellion x2  
  46  4:30  Orbital Command  
  52  4:38  Supply Depot, SCV x2  
  52  4:39  Hellion x2  
  58  5:02  Refinery  
  58  5:04  Hellion x2  
  58  5:05  Hellion x3  
  60  5:21  SCV  
  60  5:22  SCV x2  
  63  5:30  Refinery  
  63  5:32  Engineering Bay  
  63  5:33  SCV  
  63  5:34  SCV x2  
  66  5:37  Supply Depot  
  66  5:40  Widow Mine x4  
  74  5:46  SCV x3  
  77  5:56  Widow Mine  
  79  5:58  SCV x3  
  79  6:01  Widow Mine x2  
  79  6:02  Widow Mine x2  
  90  6:18  SCV, Widow Mine  
  93  6:22  Engineering Bay  
  93  6:24  Supply Depot  
  93  6:34  Widow Mine x2  
  93  6:37  SCV  
  92  6:41  Widow Mine  
  92  6:46  Hellion, Widow Mine, Orbital Command  
  96  6:53  SCV x2  
  95  6:55  Hellion x2  
  96  7:02  Hellion  
  96  7:07  Hellion  
  100  7:11  Hellion  
  90  7:16  Hellion  
  90  7:19  Terran Vehicle Weapons Level 1  
  90  7:24  Factory, Hellbat  
  90  7:25  Factory x2  
  90  7:28  Hellbat  
  90  7:29  Factory  
  88  7:36  SCV  
  84  7:46  Hellion  
  84  7:47  Hellion x2  
  84  7:48  SCV  
  84  7:49  SCV x2  
  93  8:01  SCV x3  
  93  8:03  Refinery  
  93  8:04  Infernal Pre-Igniter  
  86  8:13  SCV x3  
  88  8:25  SCV x3  
  87  8:28  Factory Tech Lab, Widow Mine  
  87  8:29  Factory Tech Lab x2, Widow Mine x2  
  87  8:30  Factory Tech Lab  
  87  8:31  Cyclone  
  87  8:32  Widow Mine  
  98  8:37  SCV x3  
  101  8:42  Hellion  
  101  8:45  Missile Turret  
  101  8:46  Missile Turret  
  101  8:48  Missile Turret  
  101  8:49  Command Center  
  101  8:57  SCV  
  101  9:22  SCV x2  
  101  9:23  SCV  
  100  9:24  Supply Depot, Terran Vehicle Weapons Level 2  
  100  9:25  Supply Depot  
  100  9:29  Siege Tank  
  101  9:34  Thor, SCV x2  
  101  9:35  SCV  
  106  9:46  SCV x2  
  106  9:47  SCV  
  106  9:48  Missile Turret  
  106  9:49  Thor, Missile Turret  
  109  9:58  SCV  
  109  10:00  Supply Depot  
  109  10:03  SCV, Orbital Command  
  109  10:05  Hellbat  
  108  10:07  Hellbat  
  108  10:10  SCV  
  108  10:12  Hellbat  
  108  10:13  Thor, Siege Tank, Hellbat  
  107  10:14  Thor  
  107  10:15  SCV  
  107  10:17  Siege Tank  
  94  10:26  Hellbat  
  77  10:29  Hellbat  
  77  10:30  SCV  
  77  10:33  Siege Tank, Hellbat  
  77  10:34  Hellbat  
  67  10:44  SCV x3  
  67  10:45  Siege Tank  
  67  10:48  Hellbat  
  67  10:49  Siege Tank  
  67  10:50  Hellbat  
  67  10:55  Hellbat  
  67  10:56  SCV x2, Siege Tank, Hellbat  
  73  10:57  Hellbat  
  64  11:05  Hellbat  
  64  11:08  SCV  
  66  11:17  Siege Tank  
  69  11:19  Siege Tank  
  72  11:26  SCV x2  
  72  11:37  Supply Depot  
  72  11:38  Supply Depot  
  72  11:45  Supply Depot  
  72  11:47  Supply Depot  
  72  11:48  Supply Depot  
  72  11:58  SCV  
  73  12:04  SCV  
  74  12:10  SCV  
  74  12:14  Supply Depot  
  75  12:16  Thor, SCV  
  82  12:25  SCV  
  82  12:28  SCV  
  84  12:40  SCV x2  
  86  12:44  Siege Tank  
  86  12:45  Siege Tank  
  92  13:00  SCV x2  
Show
View Real Time Build Order
Export as new Build Order

Pumba Zerg - Winner!

Build Orders: Hatch First, Swarm Host 

Get SALT Encoding   

  12  0:01  Drone  
  13  0:13  Overlord  
  13  0:18  Drone  
  14  0:31  Drone x2  
  16  0:48  Hatchery  
  15  0:51  Drone  
  15  0:55  Drone  
  17  0:59  Drone  
  18  1:08  Extractor  
  17  1:13  Spawning Pool  
  17  1:16  Drone  
  17  1:20  Drone  
  18  1:28  Drone  
  19  1:41  Drone  
  20  1:50  Overlord  
  20  2:01  Queen x2  
  22  2:02  Zergling x4  
  26  2:09  Metabolic Boost  
  26  2:11  Drone  
  26  2:12  Drone  
  28  2:21  Drone  
  29  2:28  Drone  
  30  2:35  Drone x2  
  31  2:40  Queen  
  32  2:44  Overlord  
  31  2:55  Drone x2, Hatchery  
  32  3:06  Drone x3  
  35  3:13  Zergling x4  
  35  3:15  Drone x4  
  41  3:33  Overlord  
  41  3:34  Overlord  
  41  3:50  Overlord  
  41  3:51  Queen  
  41  3:52  Drone x4  
  41  3:53  Drone  
  48  3:58  Overlord  
  48  3:59  Overlord  
  48  4:05  Drone  
  49  4:11  Zergling x8  
  53  4:22  Queen  
  55  4:26  Queen  
  56  4:32  Zergling x6  
  56  4:34  Drone x7  
  56  4:36  Spore Crawler  
  65  4:46  Extractor  
  65  4:47  Baneling Nest, Drone x3  
  65  4:48  Lair  
  65  4:50  Drone x2  
  65  4:52  Drone x5  
  73  5:02  Drone  
  73  5:03  Drone  
  75  5:12  Drone  
  76  5:20  Drone x6  
  81  5:25  Evolution Chamber  
  81  5:27  Extractor, Evolution Chamber  
  81  5:28  Drone x5, Extractor  
  82  5:29  Extractor x2  
  80  5:40  Overlord  
  80  5:41  Hatchery, Overlord  
  79  5:47  Drone  
  79  5:48  Centrifugal Hooks, Roach Warren  
  78  5:53  Drone x3  
  78  5:54  Drone  
  82  5:59  Queen  
  82  6:03  Drone x2  
  85  6:05  Zergling x14  
  92  6:13  Baneling x3  
  92  6:14  Baneling  
  92  6:15  Zerg Missile Weapons Level 1, Zerg Melee Weapons Level 1  
  92  6:16  Overlord  
  92  6:28  Overlord x2  
  92  6:29  Glial Reconstitution  
  92  6:33  Spire  
  92  6:35  Baneling x2  
  87  6:44  Roach x6  
  94  6:48  Roach x3  
  97  6:55  Baneling x2  
  97  7:00  Roach x5  
  107  7:02  Overseer  
  107  7:05  Overlord  
  107  7:07  Drone  
  108  7:13  Hatchery  
  106  7:21  Drone x11  
  117  7:22  Queen  
  117  7:24  Queen x2  
  123  7:36  Zergling x14  
  124  7:46  Overlord x4  
  124  7:47  Overseer  
  124  7:50  Drone x2  
  126  7:53  Spore Crawler, Drone x2  
  126  7:55  Spine Crawler  
  126  8:01  Baneling  
  126  8:02  Baneling x9  
  126  8:03  Pneumatized Carapace  
  114  8:17  Zerg Melee Weapons Level 2  
  114  8:18  Zerg Missile Weapons Level 2  
  114  8:19  Mutalisk x5  
  106  8:22  Mutalisk  
  112  8:40  Roach x11  
  134  8:41  Overlord  
  134  8:42  Overlord x3  
  134  8:50  Infestation Pit  
  134  8:51  Zergling x16  
  134  8:54  Overlord x3  
  140  9:05  Extractor  
  140  9:07  Drone x3, Extractor  
  140  9:08  Drone x3  
  144  9:14  Baneling, Ravager x4  
  144  9:15  Baneling x6  
  144  9:16  Zergling x14  
  155  9:30  Zergling x20  
  165  9:33  Overseer  
  165  9:34  Overseer x2  
  159  9:54  Zergling x32  
  165  10:19  Zergling x24  
  165  10:20  Zergling x4  
  164  10:37  Roach x6  
  164  10:40  Baneling x12  
  164  10:41  Baneling  
  166  10:47  Zergling x4  
  166  10:48  Zergling x6  
  162  10:52  Zerg Ground Armor Level 1, Hive  
  142  11:02  Roach x9  
  148  11:10  Roach x6  
  153  11:23  Extractor  
  153  11:24  Extractor, Spine Crawler  
  153  11:25  Spore Crawler  
  141  11:33  Hatchery  
  141  11:35  Zergling x30  
  141  11:38  Zergling x6  
  158  11:41  Hatchery  
  157  11:50  Nydus Network  
  156  12:00  Swarm Host x14  
  198  12:11  Hatchery  
  197  12:33  Nydus Canal  
Tags
 
Add a new tag
Caveats
  • Supply blocks, unpowered buildings, or Contaminate may cause inaccurate times.
  • Supply counts are checked every 10 seconds.